[Event "Elitserien 2022/2023"]
[Site "Limhamn SWE"]
[Date "2023.01.22"]
[Round "5.7"]
[White "Dragicevic, Drazen"]
[Black "Olsson, Fredric"]
[Result "1-0"]
[WhiteElo "2345"]
[BlackElo "2050"]
[ECO "A14"]
[TimeControl "90 minutes for 40 moves + 30 minutes for the rest of the game + 30 seconds per move from move one."]
[WhiteTitle "FM"]
[WhiteFideId "1707922"]
[BlackFideId "1712802"]
[WhiteTeam "Lunds ASK"]
[BlackTeam "Helsingborgs ASK"]

1. Nf3 Nf6 2. c4 e6 3. g3 d5 4. Bg2 Be7 5. O-O O-O 6. Qc2 dxc4 7. Qxc4 a6 
8. Qc2 Nc6 9. a3 e5 10. d3 Be6 11. b4 Rb8 12. Bb2 Nd4 13. Nxd4 exd4 14. 
Nd2 Ne8 15. Rac1 a5 16. b5 c5 17. bxc6 bxc6 18. a4 Bd5 19. Rb1 Bb4 20. 
Rfc1 Bxg2 21. Kxg2 Qd5+ 22. Nf3 c5 23. Ba3 Bxa3 24. Rxb8 Bxc1 25. Qxc1 Nd6
26. Rxf8+ Kxf8 27. h4 Ke7 28. Kh2 h6 29. Qf4 Qf5 30. Qd2 Nb7 31. Qb2 Qd5 
32. Qb5 f6 33. Nxd4 Nd6 34. Nc6+ Kd7 35. Nb8+ Ke7 36. Qd7+ Kf8 37. Nc6 c4 
38. Nd8 1-0

[Event "Elitserien 2022/2023"]
[Site "Limhamn SWE"]
[Date "2023.01.22"]
[Round "5.8"]
[White "Hakansson, Stefan"]
[Black "Ahlander, Bjorn"]
[Result "1-0"]
[WhiteElo "2046"]
[BlackElo "2413"]
[ECO "A45"]
[TimeControl "90 minutes for 40 moves + 30 minutes for the rest of the game + 30 seconds per move from move one."]
[BlackTitle "IM"]
[WhiteFideId "1708198"]
[BlackFideId "1700251"]
[WhiteTeam "Helsingborgs ASK"]
[BlackTeam "Lunds ASK"]

1. d4 Nf6 2. Bf4 e6 3. e3 c5 4. c3 Nc6 5. Nd2 d5 6. Ngf3 Nh5 7. Bg5 Qb6 8.
 Qc2 h6 9. Bh4 g5 10. Bg3 Nxg3 11. hxg3 Bg7 12. Be2 e5 13. e4 exd4 14. 
exd5 dxc3 15. bxc3 Ne7 16. Rb1 Qd8 17. c4 Nf5 18. O-O O-O 19. Bd3 Nd6 20. 
Ne4 Nxe4 21. Bxe4 f5 22. Bd3 Qd6 23. Rfe1 b6 24. Re2 f4 25. gxf4 Bg4 26. 
f5 Bxf3 27. Re6 Qf4 28. gxf3 Qxf3 29. Qe2 Qxe2 30. Rxe2 Rae8 31. Rbe1 Rxe2
32. Rxe2 Kf7 33. Re6 Bf6 34. Be2 Rb8 35. a4 g4 36. Rc6 Rb7 37. Bxg4 Re7 
38. Bh5+ Kg7 39. d6 Re4 40. Rc7+ Kh8 41. Bf7 h5 42. Be6 Rd4 43. d7 a6 44. 
Bd5 b5 45. axb5 axb5 46. Rc6 Bh4 47. f6 Rg4+ 48. Kf1 1-0

[Event "Elitserien 2022/2023"]
[Site "Limhamn SWE"]
[Date "2023.01.22"]
[Round "5.9"]
[White "Krantz, Christopher"]
[Black "Johansson, Linus"]
[Result "0-1"]
[WhiteElo "2241"]
[BlackElo "2455"]
[ECO "A43"]
[TimeControl "90 minutes for 40 moves + 30 minutes for the rest of the game + 30 seconds per move from move one."]
[BlackTitle "IM"]
[WhiteFideId "1707876"]
[BlackFideId "1711113"]
[WhiteTeam "Eksjo SK"]
[BlackTeam "Limhamns SK"]

1. d4 Nf6 2. Nf3 c5 3. d5 e6 4. Nc3 b5 5. Bg5 Qa5 6. Bxf6 gxf6 7. e4 Rg8 
8. Bxb5 Rxg2 9. Nh4 Rg7 10. Qf3 Na6 11. O-O-O Rb8 12. a4 Nc7 13. d6 Nxb5 
14. Nxb5 Rxb5 15. axb5 Qa1+ 16. Kd2 Qxb2 17. Qd3 Rg4 18. Nf3 Qb4+ 19. c3 
Qb2+ 20. Ke1 Bb7 21. Nd2 Bh6 22. f3 Rg2 23. Rf1 Bg5 0-1

[Event "Elitserien 2022/2023"]
[Site "Limhamn SWE"]
[Date "2023.01.22"]
[Round "5.10"]
[White "Brynell, Stellan"]
[Black "Gdanski, Jacek"]
[Result "1/2-1/2"]
[WhiteElo "2393"]
[BlackElo "2490"]
[ECO "A43"]
[TimeControl "90 minutes for 40 moves + 30 minutes for the rest of the game + 30 seconds per move from move one."]
[WhiteTitle "GM"]
[BlackTitle "GM"]
[WhiteFideId "1700219"]
[BlackFideId "1100106"]
[WhiteTeam "Limhamns SK"]
[BlackTeam "Eksjo SK"]

1. d4 Nf6 2. Nf3 c5 3. d5 d6 4. Nc3 g6 5. e4 Bg7 6. Bc4 O-O 7. O-O Bg4 8. 
h3 Bxf3 9. Qxf3 Nbd7 10. Qd1 Ne8 11. Re1 a6 12. a4 b6 13. Bf4 Nc7 14. Qd2 
Rb8 15. Bh6 b5 16. Bxg7 Kxg7 17. axb5 axb5 18. Be2 Nf6 19. Bf3 e6 20. dxe6
Nxe6 21. Ne2 Qb6 22. g3 Rfe8 23. Bg2 b4 24. Qd3 Rbd8 25. Ra6 Qc7 26. Rea1 
c4 27. Qd2 Qb8 28. R6a4 c3 29. bxc3 bxc3 30. Nxc3 Rc8 31. Nd5 Nxd5 32. 
exd5 Nc5 33. Qd4+ Kg8 34. Ra7 Rc7 35. Rxc7 Qxc7 36. h4 Qe7 37. Bf3 h5 38. 
Kg2 Qd8 39. Qf4 Kg7 40. Ra7 Qf6 41. Qxf6+ 1/2-1/2

[Event "Elitserien 2022/2023"]
[Site "Limhamn SWE"]
[Date "2023.01.22"]
[Round "5.11"]
[White "Heberla, Bartlomiej"]
[Black "Haubro, Martin"]
[Result "1-0"]
[WhiteElo "2567"]
[BlackElo "2395"]
[ECO "D31"]
[TimeControl "90 minutes for 40 moves + 30 minutes for the rest of the game + 30 seconds per move from move one."]
[WhiteTitle "GM"]
[BlackTitle "IM"]
[WhiteFideId "1115120"]
[BlackFideId "1414291"]
[WhiteTeam "Eksjo SK"]
[BlackTeam "Limhamns SK"]

1. d4 d5 2. c4 e6 3. Nc3 a6 4. cxd5 exd5 5. Bf4 Nf6 6. e3 Bd6 7. Bg5 Be6 
8. Bd3 Nbd7 9. Nge2 h6 10. Bh4 Qe7 11. Rc1 O-O 12. h3 Rfe8 13. O-O c5 14. 
dxc5 Nxc5 15. Bb1 Rad8 16. Qd4 Ncd7 17. Rfd1 b5 18. Nxd5 Bxd5 19. Qxd5 
Nxd5 20. Bxe7 Bxe7 21. Rxd5 Nb6 22. Rxd8 Rxd8 23. Nd4 Bf6 24. Rc6 Bxd4 25.
 exd4 Rxd4 26. Bf5 Rd1+ 27. Kh2 Rd5 28. g4 g6 29. Bxg6 Rd2 30. Rxb6 fxg6 
31. Rxg6+ Kh7 32. Rf6 Kg7 33. Rf3 Rxb2 34. a3 a5 35. Kg2 a4 36. Rf5 Rb3 
37. f3 Kg6 38. h4 Rxa3 39. Rxb5 Rb3 40. Ra5 a3 41. Ra6+ Kg7 42. Kg3 Rd3 
43. Ra7+ Kg6 44. Ra6+ Kg7 45. g5 h5 46. Kf4 Rb3 47. Ra4 Kg6 48. Ke4 a2 49.
 Ra6+ Kf7 50. Rxa2 Rb4+ 51. Kf5 Rxh4 52. f4 Rg4 53. Ra7+ Kg8 54. Kg6 Rxf4 
55. Ra8+ Rf8 56. Rxf8+ Kxf8 57. Kh7 1-0

[Event "Elitserien 2022/2023"]
[Site "Limhamn SWE"]
[Date "2023.01.22"]
[Round "5.12"]
[White "Hector, Jonny"]
[Black "Rothen, Hakan"]
[Result "1-0"]
[WhiteElo "2446"]
[BlackElo "2226"]
[ECO "C11"]
[TimeControl "90 minutes for 40 moves + 30 minutes for the rest of the game + 30 seconds per move from move one."]
[WhiteTitle "GM"]
[BlackTitle "FM"]
[WhiteFideId "1700090"]
[BlackFideId "1700723"]
[WhiteTeam "Limhamns SK"]
[BlackTeam "Eksjo SK"]

1. e4 e6 2. d4 d5 3. Nc3 Nf6 4. Bg5 dxe4 5. Nxe4 Be7 6. Bxf6 gxf6 7. Nf3 
a6 8. g3 f5 9. Ned2 b6 10. Qe2 Bb7 11. O-O-O Bf6 12. Bh3 Nc6 13. c3 Qd5 
14. Rhe1 O-O-O 15. Kb1 Kb8 16. Bg2 h5 17. h4 f4 18. Ne4 Qf5 19. Ka1 fxg3 
20. fxg3 Ne7 21. Nxf6 Qxf6 22. Ne5 Qg7 23. Bxb7 Kxb7 24. Qf3+ c6 25. Qxf7 
Rh7 26. Qxe6 Kc7 27. Nf3 Qxg3 28. Ng5 Rd6 29. Qe2 Rg7 30. Qxa6 Nc8 31. Re8
Qg4 32. Rde1 Qd7 33. a3 c5 34. Ne6+ Rxe6 35. R8xe6 1-0

[Event "Elitserien 2022/2023"]
[Site "Limhamn SWE"]
[Date "2023.01.22"]
[Round "5.13"]
[White "Malesevic, Nedeljko"]
[Black "Jepson, Christian"]
[Result "0-1"]
[WhiteElo "2226"]
[BlackElo "2388"]
[ECO "A61"]
[TimeControl "90 minutes for 40 moves + 30 minutes for the rest of the game + 30 seconds per move from move one."]
[WhiteTitle "FM"]
[BlackTitle "IM"]
[WhiteFideId "1703447"]
[BlackFideId "1701185"]
[WhiteTeam "Eksjo SK"]
[BlackTeam "Limhamns SK"]

1. d4 Nf6 2. c4 e6 3. Nf3 c5 4. d5 d6 5. Nc3 exd5 6. cxd5 g6 7. Bf4 a6 8. 
a4 Qe7 9. h3 Nbd7 10. e3 Bg7 11. Be2 O-O 12. O-O b6 13. Nd2 Ne8 14. Re1 
Rb8 15. Bf1 Nc7 16. e4 g5 17. Bg3 Ne5 18. f4 gxf4 19. Bxf4 b5 20. axb5 
Nxb5 21. Nxb5 axb5 22. Nf3 Bd7 23. Nxe5 Bxe5 24. Bxe5 Qxe5 25. Ra7 Bc8 26.
 Qf3 Rb7 27. Ra8 f5 28. b3 Rg7 29. Bxb5 f4 30. Rxc8 Rxc8 31. Qf2 Kh8 32. 
Be2 Rb8 33. Bd1 Rb4 34. Bc2 Rg3 35. Kf1 Rb8 36. Bd1 Rbg8 37. Bf3 Ra8 38. 
Kg1 Ra1 39. Kh2 Rg8 40. Rxa1 Qxa1 41. Qd2 Rf8 42. Qe2 Rb8 43. Qd3 Kg7 44. 
Bd1 Qe5 45. Qf3 Kh8 46. Kg1 Qd4+ 47. Kf1 Ra8 48. Ke1 Ra2 49. Kf1 Ra1 50. 
Ke1 Qg1+ 51. Kd2 Ra2+ 52. Bc2 Qe3+ 0-1

[Event "Elitserien 2022/2023"]
[Site "Limhamn SWE"]
[Date "2023.01.22"]
[Round "5.14"]
[White "Lindgren, Philip"]
[Black "Gustafsson, Fredrik"]
[Result "1/2-1/2"]
[WhiteElo "2382"]
[BlackElo "2093"]
[ECO "D03"]
[TimeControl "90 minutes for 40 moves + 30 minutes for the rest of the game + 30 seconds per move from move one."]
[WhiteTitle "IM"]
[WhiteFideId "1713230"]
[BlackFideId "1712357"]
[WhiteTeam "Limhamns SK"]
[BlackTeam "Eksjo SK"]

1. d4 Nf6 2. Nf3 g6 3. Bg5 Bg7 4. Nbd2 d5 5. e3 c5 6. c3 cxd4 7. exd4 Nc6 
8. Be2 O-O 9. O-O Qc7 10. Re1 Re8 11. Bh4 Ne4 12. Qb3 Nxd2 13. Nxd2 e5 14.
 Bb5 Bd7 15. Bg3 Qa5 16. Bxc6 Bxc6 17. Bxe5 Bxe5 18. dxe5 d4 19. Qb4 Rxe5 
20. Qxa5 Rxa5 21. cxd4 Rd8 22. Nb3 Ra4 23. Red1 b6 24. a3 Bd5 25. Nc1 Bb7 
26. b4 a5 27. Rb1 Be4 28. Rb2 Rxa3 29. f3 Bd5 30. bxa5 bxa5 31. Ne2 Rb3 
32. Rxb3 Bxb3 33. Ra1 a4 34. Kf2 Kf8 35. Ke3 Ke7 36. Nc3 Rc8 37. Kd3 Kd6 
38. Ra3 Ra8 39. Ne4+ Kc6 40. Nc5 Kb5 41. Kc3 Re8 42. Nxb3 Re3+ 43. Kb2 
Re2+ 44. Kc3 Re3+ 45. Kb2 Re2+ 46. Kc3 Re3+ 1/2-1/2

[Event "Elitserien 2022/2023"]
[Site "Limhamn SWE"]
[Date "2023.01.22"]
[Round "5.15"]
[White "Rajcevski, Dejan"]
[Black "Domingo Nunez, Ruben"]
[Result "0-1"]
[WhiteElo "2067"]
[BlackElo "2380"]
[ECO "A48"]
[TimeControl "90 minutes for 40 moves + 30 minutes for the rest of the game + 30 seconds per move from move one."]
[BlackTitle "FM"]
[WhiteFideId "1759027"]
[BlackFideId "22245570"]
[WhiteTeam "Eksjo SK"]
[BlackTeam "Limhamns SK"]

1. d4 g6 2. Nf3 Bg7 3. e3 Nf6 4. Bd3 O-O 5. b3 b6 6. Bb2 Bb7 7. Nbd2 c5 8.
 O-O e6 9. dxc5 bxc5 10. c4 Nc6 11. Qe2 d5 12. cxd5 exd5 13. Rac1 Qb6 14. 
Rfd1 Nb4 15. a3 Nxd3 16. Qxd3 Rfd8 17. Qc2 Rac8 18. Be5 Bf8 19. Qb2 Ne4 
20. Nxe4 dxe4 21. Nd2 Rd3 22. Nc4 Qe6 23. Rxd3 exd3 24. Nd2 Qg4 25. f3 Qe6
26. Re1 Re8 27. Bh8 h5 28. Bf6 Bh6 29. Nf1 Ba6 30. Bc3 Rb8 31. b4 cxb4 32.
 axb4 Rc8 33. Qd2 Qb3 34. Rc1 Bf8 35. Bd4 Rc2 36. Rxc2 dxc2 37. Qc1 Qd3 
38. Bb2 Bxb4 39. Kf2 Qxf1+ 40. Qxf1 Bxf1 41. Kxf1 Bd2 0-1

[Event "Elitserien 2022/2023"]
[Site "Limhamn SWE"]
[Date "2023.01.22"]
[Round "5.16"]
[White "Ziegler, Ari"]
[Black "Johnson, Bjorn"]
[Result "1-0"]
[WhiteElo "2297"]
[BlackElo "2206"]
[ECO "C18"]
[TimeControl "90 minutes for 40 moves + 30 minutes for the rest of the game + 30 seconds per move from move one."]
[WhiteTitle "IM"]
[WhiteFideId "1700987"]
[BlackFideId "1708503"]
[WhiteTeam "Limhamns SK"]
[BlackTeam "Eksjo SK"]

1. e4 e6 2. d4 d5 3. Nc3 Bb4 4. e5 c5 5. a3 Bxc3+ 6. bxc3 Qa5 7. Bd2 Qa4 
8. Qg4 Kf8 9. Nf3 Nc6 10. Qf4 c4 11. Ng5 Nd8 12. Kd1 Bd7 13. h4 Rc8 14. 
Rh3 Rc6 15. Rg3 Nh6 16. Ne4 Nf5 17. Nc5 Rxc5 18. dxc5 Nxg3 19. Qxg3 h6 20.
 h5 Kg8 21. Qe3 Nc6 22. g4 Qa5 23. f4 Qc7 24. Rb1 Bc8 25. Ke1 Qe7 26. Kf2 
Qh4+ 27. Kf3 Kf8 28. Be1 Qe7 29. Bg3 Ke8 30. Rd1 Rf8 31. Bh3 Qd8 32. f5 
Qa5 33. f6 Rg8 34. fxg7 Rxg7 35. Bh4 Qxa3 36. Bf6 Rg8 37. g5 hxg5 38. Bg4 
Qb2 39. Rd2 d4 40. cxd4 c3 41. Rf2 Bd7 42. d5 Ne7 43. Bxe7 Kxe7 44. c6 
bxc6 45. Qc5+ Kd8 46. dxc6 Be8 47. Kg3 Qb6 48. Qxc3 Bxc6 49. Rd2+ Kc7 50. 
Kh2 Rd8 51. h6 Kb7 52. h7 Rh8 53. Qd3 Qc5 54. Re2 Kc7 55. c4 Bb7 56. Bh3 
g4 57. Bxg4 Qc6 58. Kg3 Qc5 59. Kh2 Qf8 60. Kg3 Qc5 61. Kh2 Qf8 62. Kg3 
Qh6 63. Rh2 Qg5 64. Qd4 Qg7 65. c5 Rxh7 66. Qd6+ Kc8 67. c6 Rxh2 68. Qd7+ 
1-0